 Dungeon Crawl Stone Soup version 0.30-a0-1016-gfb0d676c02 (webtiles) character file.

Game seed: 9882742122978351209

92159 Chudface the Covert (level 15, -2/72 HPs)
             Began as a Felid Enchanter on Mar 31, 2023.
             Was the Champion of Dithmenos.
             Slain by a demonic crawler (16 damage)
             ... on level 4 of the Spider Nest on Apr 6, 2023.
             The game lasted 04:22:58 (33252 turns).

Chudface the Covert (Felid Enchanter)              Turns: 33252, Time: 04:22:58

Health: -2/72      AC:  3    Str:  8    XL:     15   Next: 57%
Magic:  9/25       EV: 32    Int: 19    God:    Dithmenos [******]
Gold:   1739       SH:  0    Dex: 24    Spells: 0/26 levels left
                                        Lives:  0   Deaths: 3

rFire   + . .      SeeInvis +      - Unarmed
rCold   + . .      Faith    .    (shield unavailable)
rNeg    . . .      Spirit   .    (body armour unavailable)
rPois   .          Reflect  .    (helmet unavailable)
rElec   .          Rampage  .    (cloak unavailable)
rCorr   .                        (gloves unavailable)
Will    ++...                    (boots unavailable) Stlth **++++++++
                                 f - amulet of regeneration
HPRegen 1.12/turn                p - +6 ring of dexterity
MPRegen 0.19/turn                K - ring of protection from fire

@: hasted, wreathed by umbra, very quick
A: very small, claws 1, fangs 3, see invisible, speed 1, shaggy fur 3, stealthy
paws, no weapons or thrown items, no armour, multi-lived
a: Renounce Religion, Shadow Step, Shadow Form


You were on level 4 of the Spider Nest.
You worshipped Dithmenos.
Dithmenos was exalted by your worship.
You visited 7 branches of the dungeon, and saw 30 of its levels.
You also visited: Ossuary, Gauntlet and Ice Cave.

You collected 4145 gold pieces.
You spent 2406 gold pieces at shops.

Inventory:

Jewellery
 f - an amulet of regeneration (around neck)
 i - a +6 ring of intelligence
 k - a ring of positive energy
 p - a +6 ring of dexterity (left paw)
 t - a ring of poison resistance
 A - a ring of willpower
 G - a ring of protection from cold
 K - a ring of protection from fire (right paw)
 P - a +6 ring of strength
 R - a ring of flight
Wands
 c - a wand of quicksilver (13)
 E - a wand of roots (9)
 F - a wand of paralysis (4)
 I - a wand of mindburst (22)
 N - a wand of polymorph (8)
 Q - a wand of digging (7)
Scrolls
 d - 16 scrolls of teleportation
 g - 7 scrolls of poison
 m - 3 scrolls of fog
 q - 6 scrolls of vulnerability
 u - a scroll of blinking
 w - 2 scrolls of torment
 y - 4 scrolls of magic mapping
 C - a scroll of immolation
 L - 2 scrolls of amnesia
 M - a scroll of summoning
Potions
 a - 4 potions of attraction
 b - 5 potions of haste
 e - 5 potions of brilliance
 h - 13 potions of curing
 j - 2 potions of resistance
 n - 2 potions of invisibility
 o - 4 potions of ambrosia
 r - 8 potions of flight
 s - 11 potions of mutation
 v - 6 potions of might
 x - 3 potions of lignification
 z - 3 potions of magic
 B - 2 potions of berserk rage
 D - 2 potions of heal wounds
 O - a potion of cancellation
Miscellaneous
 H - a piece from Xom's chessboard (15/15)
 J - a lightning rod (4/4)


   Skills:
 + Level 11.7 Fighting
 - Level 14.0 Dodging
 + Level 14.7 Stealth
 + Level 12.2 Unarmed Combat
 - Level 6.0 Spellcasting
 - Level 10.0 Hexes
 - Level 13.0 Necromancy
 - Level 11.2 Transmutations
 + Level 7.1 Ice Magic
 - Level 12.0 Invocations
 - Level 8.0 Evocations


You couldn't memorise any spells.
You knew the following spells:

 Your Spells              Type           Power      Damage    Failure   Level
a - Ensorcelled Hibernat  Hex/Ice        76%        N/A       1%          2
b - Tukima's Dance        Hex            43%        N/A       1%          3
c - Confusing Touch       Hex            43%        N/A       1%          3
d - Blade Hands           Tmut           24%        N/A       3%          5
e - Death Channel         Necr           26%        N/A       9%          6
f - Ice Form              Ice/Tmut       40%        N/A       2%          4
g - Ozocubu's Armour      Ice            32%        N/A       1%          3

Your spell library contained the following spells:

 Spells                   Type           Power      Damage    Failure   Level
 Kiss of Death            Conj/Necr      100%       2d13      1%          1
 Necrotise                Necr           100%       1d9       1%          1
 Sting                    Tmut/Pois      100%       1d8       1%          1
 Sublimation of Blood     Necr           53%        N/A       1%          2
 Wereblood                Tmut           48%        N/A       1%          2
 Frozen Ramparts          Ice            64%        1d10      1%          3
 Anguish                  Hex/Necr       24%        N/A       1%          4
 Animate Dead             Necr           53%        N/A       1%          4
 Dispel Undead            Necr           53%        3d19      1%          4
 Spider Form              Tmut/Pois      27%        N/A       3%          3
 Dazzling Flash           Conj/Hex       48%        N/A       4%          3
 Inner Flame              Hex/Fire       24%        N/A       4%          3
 Summon Guardian Golem    Hex/Summ       24%        N/A       4%          3
 Hailstorm                Conj/Ice       19%        3d6       8%          3
 Ignite Poison            Fire/Tmut/Pois 19%        N/A       8%          3
 Metabolic Englaciation   Hex/Ice        19%        N/A       10%         5
 Apportation              Tloc           10%        N/A       11%         1
 Foxfire                  Conj/Fire      20%        2x1d5     11%         1
 Magic Dart               Conj           20%        1d4       11%         1
 Summon Small Mammal      Summ           20%        N/A       11%         1
 Leda's Liquefaction      Hex/Erth       12%        N/A       14%         4
 Call Imp                 Summ           5%         N/A       17%         2
 Poisonous Vapours        Pois/Air       10%        N/A       17%         2
 Borgnjor's Vile Clutch   Necr/Erth      15%        N/A       22%         5
 Summon Ice Beast         Ice/Summ       19%        N/A       26%         4
 Simulacrum               Ice/Necr       21%        N/A       28%         6
 Call Canine Familiar     Summ           5%         N/A       32%         3
 Mephitic Cloud           Conj/Pois/Air  5%         N/A       32%         3
 Vhi's Electric Charge    Tloc/Air       10%        N/A       32%         3
 Summon Mana Viper        Hex/Summ       24%        N/A       36%         5
 Flame Wave               Conj/Fire      5%         2d5       73%         4
 Olgreb's Toxic Radiance  Pois           5%         N/A       73%         4
 Sticky Flame             Conj/Fire      5%         2d3       73%         4
 Arcjolt                  Conj/Air       2%         1d12      97%         5
 Fireball                 Conj/Fire      2%         3d4       97%         5
 Iskenderun's Battlesphe  Conj           5%         2d6       97%         5
 Summon Forest            Summ/Tloc      2%         N/A       97%         5
 Conjure Ball Lightning   Conj/Air       2%         3x3d6     100%        6
 Plasma Beam              Fire/Air       2%         2x1d14    100%        6
 Starburst                Conj/Fire      2%         6d3       100%        6
 Summon Cactus Giant      Summ           2%         N/A       100%        6
 Malign Gateway           Summ/Tloc      2%         N/A       100%        7
 Orb of Destruction       Conj           2%         9d5       100%        7
 Summon Hydra             Summ           2%         N/A       100%        7
 Ignition                 Fire           2%         3d3       100%        8
 Maxwell's Capacitive Co  Air            2%         ∞         100%        8
 Portal Projectile        Hex/Tloc       Unusable   N/A       N/A         3

Dungeon Overview and Level Annotations

Branches:
Dungeon (15/15)            Temple (1/1) D:7            Lair (5/5) D:10
 Shoals (2/4) Lair:3       Spider (4/4) Lair:3        Slime (0/5) Lair:4
    Orc (2/2) D:9             Elf (1/3) Orc:2        Vaults (0/5) D:14
 Depths (0/4) D:15        Ossuary (visited)           IceCv (visited)
Gauntlet (visited)

Altars:
Ashenzari
Dithmenos
Fedhas
Gozag
Kikubaaqudgha
Makhleb
Nemelex Xobeh
Okawaru
Qazlal
Ru
Sif Muna
Uskayaw
Vehumet
Wu Jian
Xom
Yredelemnul
Zin
The Shining One
Jiyva

Shops:
D:4 [   D:8 *(=!   D:9 *   D:15 *   Orc:1 [[?[   Orc:2 [[*:

Annotations:
D:5 4 runed translucent doors, exclusion: downstairs
D:6 exclusion: downstairs
D:9 exclusion: downstairs
Lair:4 exclusion: 3 oklob plants
Shoals:1 exclusion: 2 downstairs
Shoals:2 Ilsuiw
Spider:1 Nikola
Spider:3 exclusions: downstairs, emperor scorpion and orb spider


Innate Abilities, Weirdness & Mutations

You have sharp claws.
You have razor-sharp teeth.
You have supernaturally acute eyesight. (SInv)
You cover ground quickly. (Speed+)
Your thick and shaggy fur keeps you warm. (AC +3, rC+)
Your paws help you pounce on unaware monsters.
You are incapable of wielding weapons or throwing items.
You cannot wear armour.
You gain extra lives every three experience levels.


Message History

Your front paws revert to their normal proportions.
You start resting.
A spark wasp is nearby!
Casting: Ensorcelled Hibernation (safe; 1% risk of failure)
Confirm with . or Enter, or press ? or * to list all spells.
Aiming: Ensorcelled Hibernation (safe; 1% risk of failure)
Press: ? - help, Shift-Dir - straight line, f - spark wasp
Aim: a spark wasp (wandering, hasn't noticed you, umbra, chance to affect: 48%)
The spark wasp buzzes angrily.
The spark wasp resists with some effort.
Casting: Ensorcelled Hibernation (safe; 1% risk of failure)
Confirm with . or Enter, or press ? or * to list all spells.
Aiming: Ensorcelled Hibernation (safe; 1% risk of failure)
Press: ? - help, Shift-Dir - straight line, f/p - spark wasp
Aim: a spark wasp (umbra, chance to affect: 48%)
The spark wasp looks drowsy...
There is a stone staircase leading up here.
A demonic crawler comes into view.
The demonic crawler gives a hideous shriek!
The spark wasp buzzes angrily.
The spark wasp completely misses you.
You barely miss the spark wasp.
The demonic crawler completely misses you.
The demonic crawler hits you.
The demonic crawler completely misses you.
The spark wasp stings you! The spark wasp shocks you!
Unknown command.
Okay, then.
You feel much better. The spark wasp misses you.
The demonic crawler completely misses you.
The demonic crawler misses you.
The demonic crawler completely misses you.
The spark wasp stings you! The spark wasp shocks you!
You emit a cloud of dark smoke.
The demonic crawler completely misses you. x3
You feel yourself speed up. The spark wasp closely misses you.
The demonic crawler barely misses you. The demonic crawler hits you!
* * * LOW HITPOINT WARNING * * *
You emit a cloud of dark smoke.
The demonic crawler hits you!
You die...

##.^.......^..^...............^#
#<...........................##
######........................#
##..##...<..[........).....####
##....##..†....................#
##......#........................
#......##......§..........[......
#...#.##....^..§§§...............
...####........§@s§..............
....##.........§§y§...^..........
.............†..§§......^........
.................................
.......^.........................
....##.^........H...^........^...
...####.^.....?..................
#... ##^.^....................^.
... ##........................


You could see a spark wasp and a demonic crawler.

Vanquished Creatures
  Arachne (Spider:3)
  Jorgrun (D:15)
  Gastronok (Lair:2)
  Donald (Spider:3)
  5 emperor scorpions
  3 ghost moths
  3 broodmothers
  A deep elf demonologist (Shoals:1)
  A spark wasp (Spider:3)
  A fire dragon (D:15)
  A merfolk impaler (Shoals:1)
  4 entropy weavers
  3 rakshasas (D:14)
  2 hydras
  3 catoblepae (Lair:5)
  4 radroaches
  Erica (D:11)
  3 centaur warriors
  3 two-headed ogres
  2 dancing weapons (D:14)
  8 death yaks (Lair:5)
  6 boulder beetles
  2 tengu warriors
  6 orc high priests
  Nergalle (D:12)
  A deep elf knight (Shoals:1)
  3 skysharks
  7 pharaoh ants
  2 sea snakes (Shoals:1)
  2 orb spiders
  3 sun moths
  A fire crab (D:14)
  2 skeletal warriors (D:15)
  9 steelbarb worms
  2 necromancers
  2 deep elf pyromancers (Shoals:1)
  5 orc knights (Orc:2)
  4 harpies
  A deep elf zephyrmancer (Shoals:1)
  12 wolf spiders
  16 ugly things
  An orc sorcerer (D:15)
  4 cyclopes
  10 manticores
  A merfolk siren (Lair:3)
  Maurice (D:11)
  16 elephants
  6 moths of wrath
  A guardian serpent (shapeshifter) (D:9)
  8 demonic crawlers
  4 black mambas
  7 torpor snails
  2 gargoyles
  2 water nymphs (Shoals:1)
  10 cane toads
  An ice statue (IceCv)
  An efreet (D:15)
  5 anaconda simulacra (IceCv)
  5 rime drakes
  11 komodo dragons
  2 freezing wraiths (IceCv)
  2 tengu conjurers
  3 meliai (Spider:4)
  10 trolls
  3 polar bears
  14 ice devils (IceCv)
  18 tarantellas
  4 wind drakes (Shoals:1)
  8 merfolk
  Grinder (D:5)
  2 snapping turtles (Shoals:1)
  6 dream sheep
  15 blink frogs
  9 jumping spiders
  A jumping spider (shapeshifter) (D:15)
  15 culicivoras
  5 slime creatures (D:13)
  A water elemental (Shoals:1)
  A dire elephant simulacrum (IceCv)
  8 wyverns
  4 wraiths
  A basilisk (shapeshifter) (D:14)
  54 yaks
  3 basilisks
  7 death yak simulacra (IceCv)
  2 steam dragons
  7 vampire mosquitoes
  50 redbacks
  A hydra simulacrum (IceCv)
  3 wargs
  12 water moccasins
  2 acid dragons
  Duvessa (D:5)
  2 sky beasts (D:7)
  26 orc warriors
  2 black bears
  6 ogres
  3 ice beasts
  27 wolves
  9 centaurs
  A phantom (D:9)
  An elf zombie (D:4)
  A kobold brigand (D:8)
  13 bullfrogs
  5 cane toad simulacra (IceCv)
  2 wyvern zombies (D:7)
  A necrophage (D:7)
  9 scorpions
  2 two-headed ogre simulacra (IceCv)
  An elf skeleton (D:4)
  7 wights
  Dowan (D:5)
  4 elephant simulacra (IceCv)
  13 killer bees
  3 electric eels
  10 howler monkeys
  2 jellies
  A bullfrog zombie (D:7)
  A human zombie (D:7)
  7 hounds
  A centaur zombie (D:7)
  30 orc priests
  4 gnoll boudas
  4 sleepcaps
  11 orc wizards
  5 hell rats (Lair:4)
  Natasha (twice) (D:4)
  4 human skeletons (D:4)
  An iguana (D:4)
  A spriggan simulacrum (IceCv)
  8 yak simulacra (D:13)
  3 polar bear simulacra (IceCv)
  4 wolf simulacra
  2 killer bee zombies (D:7)
  5 mummies
  2 howler monkey zombies (D:7)
  10 adders
  12 gnolls
  A naga simulacrum (IceCv)
  15 white imps
  An ufetubus (D:5)
  4 worms
  A dart slug (D:2)
  57 orcs
  6 bats
  3 endoplasms
  4 giant cockroaches
  5 goblins
  9 hobgoblins
  6 jackals (D:3)
  7 kobolds
  6 quokkas
  11 ball pythons
  2 frilled lizards (D:1)
  A gnoll zombie (Ossuary)
  3 goblin zombies (Ossuary)
  A hobgoblin zombie (Ossuary)
  5 kobold zombies (Ossuary)
  2 orc skeletons (D:4)
  3 orc zombies (D:4)
  4 rats
  A butterfly (D:5)
937 creatures vanquished.

Vanquished Creatures (collateral kills)
  A spark wasp (Spider:3)
  3 death yaks (Lair:5)
  Urug (Lair:2)
  A sun moth (Spider:4)
  An orb spider (Spider:2)
  2 wolf spiders
  An orc knight (D:15)
  A manticore (Lair:5)
  An elephant (Lair:5)
  A cyclops (D:12)
  A torpor snail (Spider:2)
  A rime drake (Lair:5)
  A merfolk (Shoals:1)
  A meliai (Spider:4)
  4 tarantellas
  5 culicivoras
  11 yaks
  7 redbacks
  A vampire mosquito (D:14)
  6 orc warriors
  An ogre (D:2)
  2 centaurs
  5 wights
  An orc wizard (D:8)
  A gnoll (D:4)
  8 orcs
69 creatures vanquished.

Vanquished Creatures (others)
  Arachne zombie (Spider:3)
  A rakshasa (D:14)
  An ugly thing zombie (D:14)
  10 dancing weapons
  A catoblepas zombie (Lair:5)
  2 death yak zombies (Lair:5)
  An orb spider zombie (Spider:3)
  6 redback zombies
  A culicivora zombie (Spider:2)
  2 jumping spider zombies (Spider:3)
  3 tarantella zombies
  A moth of wrath zombie (Spider:3)
  A manticore zombie (D:12)
  An elephant zombie (Lair:5)
  2 vampire mosquito zombies
  A water moccasin zombie (Lair:5)
  4 yak zombies (Lair:5)
  29 orc zombies
  30 fungi
  71 plants
169 creatures vanquished.

Grand Total: 1175 creatures vanquished

Notes
Turn   | Place    | Note
-------+----------+-------------------------------------------
     0 | D:1      | Chudface the Felid Enchanter began the quest for the Orb.
     0 | D:1      | Reached XP level 1. HP: 7/7 MP: 4/4
   247 | D:1      | Reached XP level 2. HP: 11/11 MP: 6/6
   251 | D:1      | Learned a level 2 spell: Ensorcelled Hibernation
   795 | D:1      | Reached skill level 1 in Ice Magic
   813 | D:2      | You fall into a shaft and drop 1 floor!
   876 | D:3      | Reached skill level 5 in Hexes
   876 | D:3      | Reached XP level 3. HP: 14/14 MP: 7/7
   883 | D:3      | Learned a level 3 spell: Tukima's Dance
   885 | D:3      | Found a shadowy altar of Dithmenos.
   889 | D:3      | Became a worshipper of Dithmenos the Shadowed
   951 | D:3      | Found a faded altar of an unknown god.
  1809 | D:2      | Reached XP level 4. HP: 18/18 MP: 4/8
  1889 | D:2      | Noticed an ogre
  1902 | D:2      | Killed an ogre
  1903 | D:2      | Reached XP level 5. HP: 21/21 MP: 4/9
  2002 | D:3      | Reached * piety under Dithmenos
  2080 | D:4      | Reached skill level 5 in Stealth
  2090 | D:4      | Learned a level 3 spell: Confusing Touch
  2226 | D:4      | Gained mutation: You are covered in thick fur. (AC +2)
                  | [Felid growth]
  2226 | D:4      | Reached XP level 6. HP: 24/24 MP: 5/10
  2231 | D:4      | Found a sand-covered staircase.
  2279 | Ossuary  | Entered an ossuary
  2279 | Ossuary  | Noticed a wraith
  2279 | Ossuary  | Noticed a wraith
  2279 | Ossuary  | Noticed a wraith
  2587 | Ossuary  | Noticed a wraith
  2606 | Ossuary  | Killed a wraith
  2607 | Ossuary  | Reached skill level 1 in Fighting
  2607 | Ossuary  | Reached skill level 1 in Invocations
  2607 | Ossuary  | Reached XP level 7. HP: 28/28 MP: 8/11
  2914 | D:3      | Reached ** piety under Dithmenos
  3334 | D:4      | Noticed Natasha
  3344 | D:4      | Killed Natasha
  3397 | D:5      | Entered Level 5 of the Dungeon
  3418 | D:5      | Found a shimmering altar of Xom.
  3419 | D:5      | Noticed Dowan
  3479 | D:5      | Found a hide-covered altar of Uskayaw.
  3534 | D:4      | Noticed Natasha
  3642 | D:5      | Found a large runed translucent door.
  3643 | D:5      | Found a large runed translucent door.
  3645 | D:5      | Noticed a troll
  3707 | D:5      | Found a large runed translucent door.
  3707 | D:5      | Found a large runed translucent door.
  3743 | D:5      | Noticed a yak
  3748 | D:5      | Killed a yak
  3771 | D:5      | Noticed Duvessa
  3847 | D:5      | Noticed Grinder
  3851 | D:5      | Killed Grinder
  3852 | D:5      | Reached XP level 8. HP: 34/34 MP: 12/12
  3874 | D:4      | Found Feteshruo's Armour Shop.
  3976 | D:5      | Killed Dowan
  3989 | D:5      | Killed Duvessa
  3990 | D:5      | Reached skill level 5 in Unarmed Combat
  4697 | D:4      | Reached skill level 5 in Dodging
  4746 | D:4      | Killed Natasha
  4747 | D:4      | Reached XP level 9. HP: 39/39 MP: 6/13
  4994 | D:6      | Found a glowing golden altar of the Shining One.
  5309 | D:6      | Identified the +8 whip of Pyromania {heavy, rCorr}
  5376 | D:6      | Reached *** piety under Dithmenos
  5397 | D:6      | Found an opulent altar of Gozag.
  5531 | D:6      | Found a radiant altar of Vehumet.
  5532 | D:6      | Found a blossoming altar of Fedhas.
  5533 | D:6      | Found a shimmering blue altar of Sif Muna.
  5533 | D:6      | Found a sparkling altar of Nemelex Xobeh.
  6226 | D:7      | Found a staircase to the Ecumenical Temple.
  6266 | Temple   | Entered the Ecumenical Temple
  6314 | D:7      | Reached skill level 5 in Invocations
  6320 | D:7      | Reached skill level 5 in Fighting
  6581 | D:7      | Reached skill level 10 in Stealth
  6625 | D:7      | Reached XP level 10. HP: 44/44 MP: 12/15
  6630 | D:7      | Found a basalt altar of Yredelemnul.
  6639 | D:7      | Reached **** piety under Dithmenos
  7034 | D:7      | Found a burning altar of Makhleb.
  7034 | D:7      | Found an iron altar of Okawaru.
  7708 | D:9      | Learned a level 5 spell: Blade Hands
  7794 | D:9      | Reached skill level 1 in Transmutations
  7829 | D:9      | Found a glowing silver altar of Zin.
  7831 | D:9      | Found Qosorueg's Assorted Antiques.
  7839 | D:9      | Bought a bronze ring for 125 gold pieces
  7867 | D:9      | Found a staircase to the Orcish Mines.
  8361 | D:8      | Found Pays's Assorted Antiques.
  8365 | D:8      | Found Gary's Antique Weapon Boutique.
  8365 | D:8      | Found Zahul's Jewellery Shop.
  8365 | D:8      | Found Hyapoxto's Distillery.
  8369 | D:8      | Reached skill level 5 in Transmutations
  8394 | D:8      | Bought a scroll labelled ZAREAT ELIBAF for 27 gold pieces
  8394 | D:8      | Bought a puce potion for 24 gold pieces
  8394 | D:8      | Bought a scroll of identify for 54 gold pieces
  8394 | D:8      | Bought a scroll of identify for 54 gold pieces
  8407 | D:8      | Bought a potion of berserk rage for 75 gold pieces
  8407 | D:8      | Bought a potion of flight for 45 gold pieces
  8528 | D:9      | Noticed a two-headed ogre
  8534 | D:9      | Killed a two-headed ogre
  8535 | D:9      | Reached XP level 11. HP: 48/48 MP: 16/16
  8588 | D:9      | HP: 2/48 [manticore (12)]
  8650 | D:10     | Entered Level 10 of the Dungeon
  8783 | D:9      | Noticed a white ugly thing
  8786 | D:9      | Killed a white ugly thing
  8818 | D:9      | Noticed a cyan ugly thing
  8824 | D:9      | Killed a cyan ugly thing
  9060 | D:10     | Found a broken altar of Ashenzari.
  9263 | D:10     | Reached skill level 10 in Transmutations
  9377 | D:11     | Noticed a cyan ugly thing
  9440 | D:10     | Identified the +7 war axe "Vivunon" {distort, rF+ Dex+2}
  9702 | D:11     | Killed a cyan ugly thing
  9744 | D:11     | Found a gate leading to a gauntlet.
  9757 | D:11     | Reached ***** piety under Dithmenos
  9765 | Gauntlet | Entered a Gauntlet
  9765 | Gauntlet | Found a transporter.
  9765 | Gauntlet | Found a transporter.
  9767 | Gauntlet | Found a transporter.
  9767 | Gauntlet | Found a transporter.
  9767 | Gauntlet | Noticed an oklob plant
  9798 | Gauntlet | Found a transporter.
  9798 | Gauntlet | Noticed a catoblepas
  9800 | Gauntlet | Found a transporter.
  9801 | Gauntlet | Found a transporter.
  9801 | Gauntlet | Found a transporter.
  9803 | Gauntlet | Noticed a death yak
  9803 | Gauntlet | Noticed a death yak
  9803 | Gauntlet | Noticed a death yak
  9804 | Gauntlet | Noticed a death yak
  9804 | Gauntlet | Noticed a death yak
  9805 | Gauntlet | Noticed a ghost crab
  9816 | Gauntlet | Found a transporter.
  9827 | Gauntlet | Noticed a death yak
  9829 | Gauntlet | Found a transporter.
  9839 | Gauntlet | Found a transporter.
  9864 | Gauntlet | Found a transporter.
  9880 | Gauntlet | Found a transporter.
  9880 | Gauntlet | Noticed a shining eye
  9892 | Gauntlet | Found a transporter.
  9895 | Gauntlet | Upgraded the game from 0.30-a0-972-gf3ab3527aa to
                  | 0.30-a0-986-g7f2e898f52
 10019 | D:11     | Noticed Maurice
 10029 | D:11     | Killed Maurice
 10252 | D:11     | Noticed Erica
 10258 | D:11     | Noticed a two-headed ogre
 10265 | D:11     | Killed a two-headed ogre
 10496 | D:10     | Found a staircase to the Lair.
 10631 | Lair:1   | Entered Level 1 of the Lair of Beasts
 10640 | Lair:1   | Gained mutation: Your thick and shaggy fur keeps you warm.
                  | (AC +3, rC+) [Felid growth]
 10640 | Lair:1   | Reached XP level 12. HP: 54/54 MP: 8/17
 10943 | Lair:1   | Reached skill level 10 in Dodging
 11724 | Lair:3   | Found a frozen archway.
 11791 | IceCv    | Entered an ice cave
 12109 | IceCv    | Found an ancient bone altar of Kikubaaqudgha.
 12354 | IceCv    | HP: 1/56 [anaconda simulacrum (8)]
 12354 | IceCv    | Constricted to death by an anaconda simulacrum
 12355 | IceCv    | Reached XP level 11. HP: -2/52 MP: 14/17
 12403 | IceCv    | Reached XP level 12. HP: 44/56 MP: 13/18
 13090 | Lair:3   | Reached skill level 10 in Unarmed Combat
 13090 | Lair:3   | Reached skill level 1 in Necromancy
 13132 | Lair:4   | Noticed an eight-headed hydra
 13142 | Lair:4   | Reached skill level 1 in Evocations
 13161 | Lair:5   | Entered Level 5 of the Lair of Beasts
 13251 | Lair:3   | Reached ****** piety under Dithmenos
 13332 | Lair:3   | Learned a level 4 spell: Animate Dead
 13359 | Lair:3   | Found a hole to the Spider Nest.
 13616 | Lair:2   | Noticed Gastronok
 13675 | Lair:2   | Killed Gastronok
 13811 | Lair:2   | Noticed a boulder beetle
 13823 | Lair:2   | Killed a boulder beetle
 13864 | Lair:2   | Upgraded the game from 0.30-a0-986-g7f2e898f52 to
                  | 0.30-a0-989-g0d87f670db
 14006 | Lair:2   | Noticed Urug
 14020 | Lair:2   | Killed Urug
 14021 | Lair:2   | Reached XP level 13. HP: 46/60 MP: 12/20
 14262 | Lair:3   | Found a staircase to the Shoals.
 14547 | Lair:4   | Found a viscous altar of Jiyva.
 14549 | Lair:4   | Found a staircase to the Slime Pits.
 15332 | Lair:4   | Reached skill level 5 in Evocations
 15336 | Lair:4   | Reached skill level 5 in Necromancy
 15627 | Lair:5   | Reached skill level 10 in Invocations
 15921 | Lair:5   | Reached XP level 14. HP: 43/64 MP: 21/23
 17210 | D:12     | Found an ornate altar of the Wu Jian Council.
 17389 | D:8      | Bought a short gold wand for 108 gold pieces
 17433 | Orc:1    | Entered Level 1 of the Orcish Mines
 17608 | Orc:1    | Found Gaddef's Magic Scroll Shop.
 17706 | Orc:1    | Found Vaocovo's Antique Armour Shoppe.
 17709 | Orc:1    | Found Xasosag's Antique Armour Shop.
 17795 | Orc:1    | Reached skill level 10 in Fighting
 17904 | Orc:2    | Entered Level 2 of the Orcish Mines
 17976 | Orc:1    | Found Osaeclei's Armour Shop.
 18006 | Orc:2    | Found a staircase to the Elven Halls.
 18049 | Elf:1    | Entered Level 1 of the Elven Halls
 18792 | Orc:2    | Upgraded the game from 0.30-a0-989-g0d87f670db to
                  | 0.30-a0-996-ga6910c8ee8
 19507 | Orc:2    | Found Rocuent's Book Boutique.
 19508 | Orc:2    | Found Tammayril's Antique Armour Shop.
 19508 | Orc:2    | Found Zurchir's General Store.
 19509 | Orc:2    | Found Erevoibo's Armour Boutique.
 19534 | Orc:2    | Bought a potion of cancellation for 104 gold pieces
 19801 | D:12     | Noticed Nergalle
 19819 | D:12     | Killed Nergalle
 19995 | D:12     | Identified a scroll of acquirement
 20648 | D:13     | Reached XP level 15. HP: 70/70 MP: 19/25
 21001 | D:13     | Learned a level 4 spell: Ice Form
 21140 | D:14     | Reached skill level 5 in Spellcasting
 21352 | D:15     | Entered Level 15 of the Dungeon
 21375 | D:14     | Found a radiant altar of Vehumet.
 21874 | D:15     | Noticed Jorgrun
 21883 | D:15     | Killed Jorgrun
 21948 | D:15     | Found Ogomig's Pet Rocks.
 21959 | D:15     | Bought a wand of digging (7) for 294 gold pieces
 22238 | D:15     | Reached skill level 10 in Hexes
 22339 | D:15     | Acquired 980 gold pieces
 22590 | D:8      | Bought a potion of haste for 150 gold pieces
 22592 | D:8      | Bought a ring of protection from fire for 375 gold pieces
 22592 | D:8      | Bought a ring of flight for 262 gold pieces
 22742 | Orc:2    | Bought the Handbook of the Frosty Boggart for 484 gold
                  | pieces
 22746 | Orc:2    | Learned a level 3 spell: Ozocubu's Armour
 22798 | Orc:2    | Reached skill level 5 in Ice Magic
 22847 | Orc:1    | Bought a scroll of fog for 44 gold pieces
 22847 | Orc:1    | Bought 2 scrolls of teleportation for 66 gold pieces
 22847 | Orc:1    | Bought a scroll of magic mapping for 82 gold pieces
 22847 | Orc:1    | Bought a scroll of teleportation for 33 gold pieces
 23044 | D:15     | Found a staircase to the Depths.
 23907 | D:13     | Upgraded the game from 0.30-a0-996-ga6910c8ee8 to
                  | 0.30-a0-1008-g30c9307041
 24090 | Spider:1 | Entered Level 1 of the Spider Nest
 24354 | Spider:1 | Noticed Nikola
 24923 | Spider:1 | Identified the +0 leather armour "Jiazen" {rC+ rN+}
 26076 | Spider:4 | Entered Level 4 of the Spider Nest
 26097 | Spider:3 | Reached XP level 16. HP: 73/73 MP: 18/26
 26305 | Spider:3 | Learned a level 3 spell: Frozen Ramparts
 26328 | Spider:3 | Noticed Arachne
 26351 | Spider:3 | Killed Arachne
 26369 | Spider:3 | Your ally Arachne died
 26490 | Spider:3 | Reached skill level 10 in Necromancy
 26749 | Spider:3 | Noticed Donald
 26763 | Spider:3 | Killed Donald
 27436 | Spider:3 | HP: 2/82 [pharaoh ant (20)]
 27436 | Spider:3 | Slain by a pharaoh ant
 27437 | Spider:3 | Reached XP level 15. HP: -5/74 MP: 19/25
 27644 | Spider:3 | Upgraded the game from 0.30-a0-1008-g30c9307041 to
                  | 0.30-a0-1016-gfb0d676c02
 27693 | Spider:3 | Noticed an emperor scorpion
 27986 | Shoals:1 | Entered Level 1 of the Shoals
 28514 | Shoals:1 | Identified the +8 mace of Evil {flame, rElec rC+ Int+6
                  | Dex+3}
 28756 | Shoals:1 | Learned a level 6 spell: Death Channel
 28793 | Shoals:2 | Noticed Ilsuiw
 30003 | D:14     | Found a gate to the Vaults.
 30147 | D:11     | Killed Erica
 30938 | Spider:4 | Noticed an emperor scorpion
 30986 | Spider:4 | Killed an emperor scorpion
 31047 | Spider:3 | Mangled by a culicivora
 31048 | Spider:3 | Reached XP level 14. HP: -9/66 MP: 21/24
 31211 | Spider:3 | Reached XP level 15. HP: 70/70 MP: 25/25
 31227 | Spider:3 | Killed an emperor scorpion
 31880 | Spider:4 | Noticed an emperor scorpion
 32191 | Spider:4 | Killed an emperor scorpion
 32312 | Spider:4 | Noticed an emperor scorpion
 32454 | Spider:4 | Killed an emperor scorpion
 32978 | Spider:4 | Noticed an emperor scorpion
 33178 | Spider:4 | Killed an emperor scorpion
 33252 | Spider:4 | Slain by a demonic crawler

Illustrated notes

Levels and vault maps discovered:
D:1:      dpeg_arrival_pits, layout_loops_cross, serial_forest,
          infiniplex_forest_lined_3_way, infiniplex_forest_clump_tiny,
          infiniplex_forest_clump_small, infiniplex_forest_corner_2,
          infiniplex_forest_lined_room_, infiniplex_forest_clump_C,
          infiniplex_forest_lined_2
D:2:      layout_rooms, minivault_19, minivault_27, dk_noncrumbling_3
D:3:      layout_basic, mainiacjoe_overflow_six_doors_small,
          shapermc_ecumenical_altar_notcrosses, chequers_serial_rivers_micro_a,
          hangedman_decor_growths
D:4:      minmay_chambers_of_twos, layout_cave_pods, serial_shops,
          nicolae_take_the_stairs, nicolae_ossuary_entry_catacombs, uniq_natasha
D:5:      layout_basic, overflow_temple_1_default, xom_butterflies,
          minmay_hollow_rounded_squares, uniq_grinder, uniq_duvessa
D:6:      layout_basic, tso_oasis_becter, grunt_temple_overflow_open,
          serial_bayou, serial_bayou_pond_d, serial_bayou_crossing,
          serial_bayou_pond_d, serial_bayou_ford_a
D:7:      layout_basic, lemuel_mausoleum_altar_yredelemnul,
          gammafunk_temple_overflow_elements, minmay_temple_entry_large_hall
D:8:      layout_cave_pools, nicolae_wooded_promenade,
          small_statue_intersection, eino_jars
D:9:      layout_basic, nicolae_overflow_hidden_temple, orc_0_dummy,
          serial_shops, shop, kb_rosetta
D:10:     layout_long_grid, nicolae_ashenzari_skybound,
          grunt_lair_entry_orc_guard_hut
D:11:     layout_irregular_city, gauntlet_entry_generic, minmay_puff,
          uniq_maurice, uniq_erica
D:12:     layout_roguey, nzn_wu_jian_contemplation, uniq_nergalle
D:13:     layout_basic, nrook_mini_vaults, eino_house_with_fridge
D:14:     layout_basic, erik_vaults_1, vehumet_crystals, nicolae_burly_brawl
D:15:     grunt_enter_depths_hoard, layout_cave_pods, minmay_tree_intersection,
          serial_bayou_pond_c, guppyfry_shop_earth, uniq_jorgrun
Temple:   hellmonk_temple_rainy
Lair:1:   layout_cave_pods, lemuel_fruit_tree, grunt_megastairs_3
Lair:2:   layout_chaotic_city, infiniplex_staircase_pool, uniq_gastronok,
          uniq_urug
Lair:3:   layout_misc_corridors, elwin_shoals_entry_rooms,
          nicolae_spider_entry_non_spiders, portal_ice_cave_entry_imps,
          nicolae_volcano_entry_lava_flow, serial_bayou_shore_b
Lair:4:   layout_cave_pods, minmay_slime_entry_oklob_enclosed,
          grunt_forest_small_clearing_treed
Lair:5:   evilmike_catoblepas_cave, layout_cellular_growth, grunt_megastairs_1
Shoals:1: nicolae_shoals_deep_elves_summer_vacation, layout_shoals,
          nzn_prometheus_bound
Shoals:2: layout_shoals, uniq_polyphemus, uniq_ilsuiw
Spider:1: layout_spider_delve, uniq_nikola
Spider:2: layout_spider_delve, drop_trap
Spider:3: layout_chambers, nicolae_spider_claw_tunnel, uniq_donald, uniq_arachne
Spider:4: hellmonk_spider_rune_bug_friends
Orc:1:    layout_diamond_mine, serial_shops, shop,
          nicolae_shop_advertising_works [nicolae_subvault_shop_adworks], shop,
          shop, bh_open_orc_temple
Orc:2:    st_orc_pillars, layout_caves
Elf:1:    nicolae_elf_arrival_no_cutting_in_line, layout_onion_city,
          minmay_elf_necromancy, minmay_shop_star, uniq_roxanne

Skill      XL: |  1  2  3  4  5  6  7  8  9 10 11 12 13 14 15 16 |
---------------+-------------------------------------------------+-----
Dodging        | 3 5 7 8 9 12 13 14 | 14.0
Ice Magic      | 1 7 |  7.1
Hexes          | 5 6 7 8 9 10 | 10.0
Unarmed Combat | 2 3 4 5 6 7 8 10 11 12 | 12.2
Stealth        | 5 6 7 8 10 12 13 14 | 14.7
Fighting       | 1 2 4 5 6 7 9 10 11 | 11.7
Invocations    | 1 3 4 5 6 8 11 12 | 12.0
Transmutations | 6 11 | 11.2
Necromancy     | 3 6 13 11 | 13.0
Spellcasting   | 4 6 |  6.0
Evocations     | 3 6 7 8 |  8.0

Action                     |  1- 3 |  4- 6 |  7- 9 | 10-12 | 13-15 | 16-18 || total
---------------------------+-------+-------+-------+-------+-------+-------++-------
  Melee: Unarmed           |   105 |   131 |   200 |   694 |  1226 |    89 ||  2445
         Bite              |     5 |    19 |    13 |    83 |   146 |     1 ||   267
         Punch             |       |     3 |     6 |    53 |    93 |     1 ||   156
   Cast: Ensorcelled Hiber |    41 |     2 |    46 |   113 |   173 |    19 ||   394
         Tukima's Dance    |       |     1 |    20 |    16 |    72 |       ||   109
         Confusing Touch   |       |     6 |     3 |     6 |    10 |     2 ||    27
         Blade Hands       |       |       |       |    37 |    75 |     1 ||   113
         Animate Dead      |       |       |       |       |    33 |     4 ||    37
         Death Channel     |       |       |       |       |     5 |       ||     5
         Ice Form          |       |       |       |       |    18 |     7 ||    25
         Ozocubu's Armour  |       |       |       |       |     7 |     1 ||     8
         Frozen Ramparts   |       |       |       |       |     1 |     1 ||     2
 Invoke: Shadow Step       |       |       |       |     3 |    11 |     1 ||    15
Ability: End Transformatio |       |       |       |       |    18 |     2 ||    20
  Evoke: Wand              |       |       |     2 |     3 |     9 |     2 ||    16
         Lightning rod     |       |       |       |     4 |     5 |       ||     9
         Piece from Xom's  |       |       |       |       |     7 |       ||     7
    Use: Potion            |     2 |     1 |     1 |     1 |     3 |     1 ||     9
         Scroll            |     4 |     2 |     5 |    14 |    18 |     1 ||    44
   Stab: Invisible         |     2 |       |     4 |       |       |       ||     6
         Sleeping          |    34 |    13 |    72 |   131 |   235 |    14 ||   499
         Confused          |       |     8 |     1 |     3 |     4 |     1 ||    17
         Distracted        |       |       |     2 |     4 |    19 |     2 ||    27
         Paralysed         |       |       |       |       |     2 |       ||     2
 Armour: Skin              |     8 |     6 |     6 |    14 |    53 |     8 ||    95
  Dodge: Dodged            |    71 |    55 |   105 |   683 |  1138 |   109 ||  2161

Table legend: (Time is in decaauts)
 A = Elapsed time spent in this place.
 B = Non-inter-level travel time spent in this place.
 C = Inter-level travel time spent in this place.
 D = Time resting spent in this place.
 E = Time spent auto-exploring this place.
 F = Levels seen in this place.
 G = Mean time per level.
                   A        B        C        D        E       F      G
               +--------+--------+--------+--------+--------+-----+--------+
         Total |  28060 |  22077 |   5983 |   2196 |   1291 |  33 |  850.3 |
       Dungeon |  13008 |  10196 |   2812 |    607 |   1237 |  15 |  867.2 |
        Temple |      1 |      1 |      0 |      0 |      0 |   1 |    1.0 |
          Lair |   4330 |   3248 |   1082 |     83 |     54 |   5 |  866.0 |
        Shoals |   1360 |   1279 |     81 |    308 |      0 |   2 |  680.0 |
   Spider Nest |   5636 |   4093 |   1543 |    700 |      0 |   4 | 1409.0 |
  Orcish Mines |   2112 |   1650 |    462 |    199 |      0 |   2 | 1056.0 |
   Elven Halls |      8 |      7 |      1 |      0 |      0 |   1 |    8.0 |
       Ossuary |    386 |    386 |      0 |     37 |      0 |   1 |  386.0 |
      Ice Cave |   1071 |   1071 |      0 |    261 |      0 |   1 | 1071.0 |
      Gauntlet |    144 |    144 |      0 |      0 |      0 |   1 |  144.0 |
               +--------+--------+--------+--------+--------+-----+--------+

Top non-repeatable levels by time:
Spider:3: 2256 daAuts
   Orc:2: 1575 daAuts
Spider:1: 1483 daAuts
Shoals:1: 1334 daAuts
Spider:4: 1264 daAuts
    D:14: 1193 daAuts
     D:6: 1144 daAuts
    D:13: 1083 daAuts
   IceCv: 1071 daAuts
  Lair:5: 1014 daAuts
     D:4: 989 daAuts
    D:15: 951 daAuts
    D:11: 938 daAuts
  Lair:1: 936 daAuts
  Lair:3: 920 daAuts
